 Dungeon Crawl Stone Soup version 0.29-a0-330-g52719c12eb (webtiles) character file.

Game seed: 15492215246378256333

51993 vineage the Warrior (level 14, -5/99 HPs)
             Began as a Gargoyle Fighter on May 13, 2022.
             Was the Champion of Okawaru.
             Killed from afar by a lindwurm (31 damage)
             ... with a blast of flame
             ... summoned by Kirke
             ... on level 6 of the Lair of Beasts.
             The game lasted 00:25:04 (18595 turns).

vineage the Warrior (Gargoyle Fighter)             Turns: 18595, Time: 00:25:05

Health: -5/99      AC:  0    Str: 22    XL:     14   Next: 62%
Magic:  19/19      EV: 13    Int: 10    God:    Okawaru [******]
Gold:   833        SH:  0    Dex: 11    Spells: 13/13 levels left

rFire   . . .      SeeInvis .   (weapon currently unavailable)
rCold   . . .      Faith    .   (shield currently unavailable)
rNeg    + . .      Spirit   .   (body armour currently unavailable)
rPois   ∞          Reflect  .   (helmet currently unavailable)
rElec   .          Harm     .   (cloak currently unavailable)
rCorr   .          Rampage  .   (gloves currently unavailable)
Will    +....                   (boots currently unavailable)
Stlth   +.........              j - amulet of regeneration
HPRegen 1.06/turn               (ring currently unavailable)
MPRegen 0.16/turn               (ring currently unavailable)

@: about to teleport, pig-form, very quick
A: fast, no casting, sickness immunity, AC +10, small, (big wings), negative
energy resistance 1, (electricity resistance), torment resistance 1,
petrification resistance, low MP 1
a: Renounce Religion, Heroism, Finesse, Duel


You were on level 6 of the Lair of Beasts.
You worshipped Okawaru.
Okawaru was exalted by your worship.
You were a filthy swine.
You visited 3 branches of the dungeon, and saw 18 of its levels.
You also visited: Sewer and Bailey.

You collected 833 gold pieces.

Inventory:

Hand Weapons
 B - the +10 lance "Wyrmbane" (melded) {slay drac, rPois rF+ rC+ AC+3}
   (You took it off an orc wizard on level 7 of the Dungeon)

   It inflicts extra damage against dragons and draconians.
   AC:        It affects your AC (+3).
   rF:        It protects you from fire.
   rC:        It protects you from cold.
   rPois:     It protects you from poison.
Missiles
 M - 2 throwing nets (quivered)
Armour
 c - a +1 buckler
 h - a +1 helmet (melded)
 r - the +5 crystal plate armour of Jigrep (melded) {rCorr Slay+3}
   (You acquired it in a bailey)

   Slay:      It affects your accuracy & damage with ranged weapons and melee
   (+3).
   rCorr:     It protects you from acid and corrosion.
 u - a +0 pair of gloves (melded)
 H - a +0 cloak (melded)
 L - the +0 buckler "Wyneut" (melded) {MP+9 Str+2 Dex+2}
   (Okawaru gifted it to you on level 11 of the Dungeon)

   Str:       It affects your strength (+2).
   Dex:       It affects your dexterity (+2).
   MP:        It affects your magic capacity (+9).
Jewellery
 b - a +6 ring of strength
 j - an amulet of regeneration (around neck)
 n - a ring of protection from cold
 t - a ring of fire
 y - a ring of see invisible
 A - the ring of the Wild Haggis (melded) {rF+ rC+ rN+ Int+5 Dex-4}
   (You took it off an orc wizard on level 7 of the Dungeon)

   [ring of protection from fire]

   Int:       It affects your intelligence (+5).
   Dex:       It affects your dexterity (-4).
   rF:        It protects you from fire.
   rC:        It protects you from cold.
   rN:        It protects you from negative energy.
 C - a +6 ring of dexterity (melded)
 D - a ring of protection from fire
 F - a ring of ice
 Q - an amulet of the acrobat
 R - a ring of magical power
 U - the ring of Yendor {Fire Dex+2}
   (You found it on level 5 of the Lair of Beasts)

   [ring of fire]

   It enhances your fire magic.
   Dex:       It affects your dexterity (+2).
   rF:        It protects you from fire.
   rC:        It makes you vulnerable to cold.
Wands
 J - a wand of digging (7)
 K - a wand of acid (12)
 O - a wand of paralysis (6)
 P - a wand of mindburst (8)
 S - a wand of polymorph (11)
Scrolls
 e - 5 scrolls of noise
 s - 5 scrolls of teleportation
 v - 2 scrolls of blinking
 E - a scroll of fog
 G - 5 scrolls of enchant weapon
 I - 5 scrolls of identify
 N - 2 scrolls of amnesia
 T - 2 scrolls of acquirement
Potions
 a - 6 potions of haste
 d - 5 potions of might
 f - 10 potions of curing
 g - 3 potions of cancellation
 i - 3 potions of berserk rage
 k - 10 potions of invisibility
 l - 4 potions of attraction
 m - 5 potions of brilliance
 o - 6 potions of heal wounds
 p - 4 potions of magic
 q - 2 potions of flight
 w - a potion of mutation
 x - a potion of resistance
 z - 4 potions of lignification


   Skills:
 - Level 15.7 Fighting
 - Level 2.0 Maces & Flails
 + Level 13.8 Polearms
 - Level 9.7 Armour
 - Level 9.7 Shields
 - Level 10.0 Invocations


You had 13 spell levels left.
You didn't know any spells.
Your spell library contained the following spells:

 Spells                   Type           Power      Damage    Failure   Level
 Corpse Rot               Necr/Air       0%         N/A       50%         2
 Ensorcelled Hibernation  Hex/Ice        0%         N/A       50%         2
 Passwall                 Tmut/Erth      0%         N/A       50%         2
 Poisonous Vapours        Pois/Air       0%         N/A       50%         2
 Inner Flame              Hex/Fire       0%         N/A       75%         3
 Portal Projectile        Hex/Tloc       0%         N/A       75%         3
 Swiftness                Air            0%         N/A       75%         3
 Cause Fear               Hex            0%         N/A       98%         4
 Dispel Undead            Necr           0%         3d6       98%         4
 Hailstorm                Conj/Ice       0%         3d3       98%         4
 Ice Form                 Ice/Tmut       0%         N/A       98%         4
 Leda's Liquefaction      Hex/Erth       0%         N/A       98%         4
 Olgreb's Toxic Radiance  Pois           0%         N/A       98%         4
 Petrify                  Tmut/Erth      0%         N/A       98%         4
 Fireball                 Conj/Fire      0%         3d3       100%        5
 Irradiate                Conj/Tmut      0%         3d13      100%        5
 Starburst                Conj/Fire      0%         6d3       100%        6
 Storm Form               Tmut/Air       0%         N/A       100%        7
 Maxwell's Capacitive Co  Air            0%         ∞         100%        8
 Sublimation of Blood     Necr           Unusable   N/A       N/A         2
 Call Canine Familiar     Summ           Unusable   N/A       N/A         3
 Summon Lightning Spire   Summ/Air       Unusable   N/A       N/A         4
 Summon Mana Viper        Hex/Summ       Unusable   N/A       N/A         5
 Death Channel            Necr           Unusable   N/A       N/A         6
 Simulacrum               Ice/Necr       Unusable   N/A       N/A         6

Dungeon Overview and Level Annotations

Branches:
Dungeon (11/15)            Temple (1/1) D:7            Lair (6/6) D:8
  Swamp (0/4) Lair:3        Snake (0/4) Lair:2        Slime (0/5) Lair:5
  Sewer (visited)          Bailey (visited)
    Orc: D:9-12

Altars:
Ashenzari
Cheibriados
Dithmenos
Elyvilon
Fedhas
Gozag
Hepliaklqana
Kikubaaqudgha
Makhleb
Nemelex Xobeh
Okawaru
Qazlal
Ru
Sif Muna
Trog
Uskayaw
Vehumet
Wu Jian
Xom
Yredelemnul
Zin
The Shining One
Jiyva

Shops:
D:6 :

Annotations:
D:3 1 transporter, initializr's ghost, amateur MiFi
Lair:6 Kirke


Innate Abilities, Weirdness & Mutations

You are a filthy swine.
You move quickly.
Your equipment is almost entirely melded.
You are incapable of wielding weapons or throwing items.
You cannot cast spells.
You are immune to sickness and miasma.
((Your stone body is resilient. (AC +10)))
You are immune to poison.
((Your large and strong wings let you fly.))
You resist negative energy. (rN+)
((You are resistant to electric shocks. (rElec)))
You are resistant to unholy torment.
You are immune to petrification.
Your magical capacity is low. (-10% MP)


Message History

The blast of flame hits you! You resist.
You reach to attack!
You puncture Kirke!
Kirke is moderately wounded.
You puncture Kirke!
Kirke is heavily wounded.
You puncture Kirke!
Kirke is severely wounded.
Kirke completely misses you.
The yak bellows!
You puncture Kirke!
Kirke is severely wounded.
You puncture Kirke!
Kirke is almost dead.
Kirke casts a spell at you.
You turn into a filthy swine.
The +10 lance "Wyrmbane" {slay drac, rPois rF+ rC+ AC+3} melds into your body.
Your +0 cloak melds into your body.
Your +1 helmet melds into your body.
Your +0 pair of gloves melds into your body.
The +0 buckler "Wyneut" {MP+9 Str+2 Dex+2} melds into your body.
The +5 crystal plate armour of Jigrep {rCorr Slay+3} melds into your body.
Your +6 ring of dexterity melds into your body.
The ring of the Wild Haggis {rF+ rC+ rN+ Int+5 Dex-4} melds into your body.
You feel clumsy.
You barely miss Kirke.
Kirke is almost dead.
The lindwurm breathes flames at you. The blast of flame hits you!!
There is a stone staircase leading up here.
Kirke hits you! The elephant tramples you!
You stumble backwards!
You stop ascending the stairs.
As you read the scroll of teleportation, it crumbles to dust.
You feel strangely unstable. The elephant tramples you!
* * * LOW HITPOINT WARNING * * *
You stumble backwards!
Kirke gestures wildly while chanting.
Kirke flickers and vanishes!
Deactivating autopickup; reactivate with Ctrl-A.
The lindwurm breathes flames at you. The blast of flame hits you!!
You die...

...............
.PF...)....#P........... ≈♣♣
................P.......# .≈♣
..#..##†#......PPP......# ♣♣≈P♣
#....P†††####...P.......#♣♣≈?.♣♣
.......†................#P≈≈PP.##
.......†#...P.P.PP...^....l......
................P..............#
.......†††......h.#........P#..#
..............Y.............P.#
....!.....#..Yk...#PP.......P..#
............<......PPP......#P..#
..........................^....##
...#..#P.........#.....#......P#
.#.....P.YY..##.......##......##
...P..............?............#
...P...........................#


You could see an elephant, a lindwurm (summoned, catching breath) and 3 yaks.

Vanquished Creatures
  The ghost of Orociumy the Fighter, a journeyman DsCj of Okawaru (Lair:5)
  Josephine (D:10)
  A boulder beetle (D:11)
  Harold (Lair:1)
  An ice dragon (Lair:5)
  A catoblepas (Lair:1)
  6 hydras
  5 two-headed ogres
  An orc high priest (Bailey)
  Nergalle (D:11)
  5 lindwurms
  2 orc knights (Bailey)
  An orc sorcerer (Bailey)
  3 cyclopes
  A black mamba (Lair:4)
  3 elephants
  A gargoyle (D:6)
  8 rime drakes
  4 kobold demonologists
  9 cane toads
  6 komodo dragons
  3 trolls
  12 dream sheep
  A slime creature (D:7)
  26 blink frogs
  2 shadows
  A spriggan (shapeshifter) (D:11)
  6 wyverns
  5 wraiths
  4 hogs (Lair:6)
  24 yaks
  5 basilisks
  A death yak simulacrum (Lair:5)
  A catoblepas simulacrum (Lair:5)
  2 steam dragons
  2 swamp worms (Lair:3)
  4 acid dragons
  12 water moccasins
  A hydra simulacrum (Lair:5)
  An ice beast (D:6)
  4 sky beasts
  5 black bears
  13 orc warriors
  7 ogres
  35 wolves
  A phantom (D:5)
  3 centaurs
  4 kobold brigands
  6 bullfrogs
  7 scorpions
  A necrophage (D:6)
  A gnoll sergeant (D:7)
  A cane toad simulacrum (Lair:5)
  13 wights
  A killer bee (D:8)
  An elephant simulacrum (Lair:5)
  7 howler monkeys
  10 electric eels
  2 torpor snail simulacra (Lair:5)
  3 hounds
  2 jellies (D:4)
  9 orc priests
  6 gnoll shamans
  6 iguanas
  11 orc wizards
  4 hell rats (Lair:4)
  18 gnolls
  8 adders
  4 river rats
  2 ufetubi (D:5)
  A worm (D:5)
  5 dart slugs
  47 orcs
  2 ball pythons
  8 endoplasms
  2 giant cockroaches
  14 goblins
  16 hobgoblins
  10 jackals
  3 quokkas
  9 bats
  6 frilled lizards
  14 kobolds
  14 rats
521 creatures vanquished.

Vanquished Creatures (others)
  A hobgoblin (Bailey)
  25 fungi
  63 plants
  6 toadstools (Lair:1)
95 creatures vanquished.

Grand Total: 616 creatures vanquished

Notes
Turn   | Place    | Note
-------+----------+-------------------------------------------
     0 | D:1      | vineage the Gargoyle Fighter began the quest for the Orb.
     0 | D:1      | Reached XP level 1. HP: 14/14 MP: 1/1
   274 | D:1      | Reached XP level 2. HP: 20/20 MP: 2/2
   423 | D:1      | Reached skill level 4 in Fighting
   655 | D:1      | Reached XP level 3. HP: 8/24 MP: 3/3
  1635 | D:2      | Found a faded altar of an unknown god.
  1756 | D:2      | Reached skill level 5 in Fighting
  1760 | D:2      | Found a snail-covered altar of Cheibriados.
  2081 | D:2      | Reached XP level 4. HP: 31/31 MP: 4/4
  2541 | D:3      | Found a transporter.
  2544 | D:3      | Identified the +8 dire flail "Zoyjeil" {vorpal, Will- rCorr
                  | MP+9 Dex+3}
  2544 | D:3      | Noticed an ogre
  2544 | D:3      | Noticed initializr's ghost (amateur MiFi)
  2544 | D:3      | Noticed an ogre
  3018 | D:4      | Noticed a scorpion
  3018 | D:4      | Found a shadowy altar of Dithmenos.
  3053 | D:2      | Reached skill level 6 in Fighting
  3053 | D:2      | Reached XP level 5. HP: 31/36 MP: 5/5
  3242 | D:4      | Reached skill level 7 in Fighting
  3242 | D:4      | Reached XP level 6. HP: 32/44 MP: 6/6
  3330 | D:4      | HP: 1/44 [acid (3)]
  3406 | D:4      | Identified the +5 whip of Dawn {vamp, Contam rC+ Str+3}
  3843 | D:4      | Reached skill level 8 in Fighting
  3969 | D:5      | Entered Level 5 of the Dungeon
  4067 | D:5      | Reached XP level 7. HP: 48/50 MP: 7/7
  4236 | D:5      | Found a glowing drain.
  4255 | Sewer    | Entered a sewer
  4300 | Sewer    | Reached skill level 9 in Fighting
  4949 | D:5      | Reached skill level 10 in Fighting
  5043 | D:5      | Reached XP level 8. HP: 57/57 MP: 8/8
  5759 | D:6      | Reached skill level 11 in Fighting
  5919 | D:6      | Noticed a gargoyle
  5924 | D:6      | Killed a gargoyle
  5925 | D:6      | Reached skill level 12 in Fighting
  5925 | D:6      | Reached XP level 9. HP: 34/67 MP: 9/9
  5990 | D:6      | Found Puxkakh's Book Shop.
  6013 | D:6      | Reached skill level 13 in Fighting
  6399 | D:7      | Noticed a two-headed ogre
  6635 | D:7      | Killed a two-headed ogre
  6636 | D:7      | Reached skill level 14 in Fighting
  6781 | D:7      | Reached skill level 15 in Fighting
  6811 | D:7      | Reached XP level 10. HP: 76/76 MP: 10/10
  6822 | D:7      | Identified the ring of the Wild Haggis {rF+ rC+ rN+ Int+5
                  | Dex-4}
  6889 | D:7      | Gained mutation: Your magical capacity is low. (-10% MP)
                  | [mutagenic glow]
  6923 | D:7      | Got Sif Muna's Guide on Beguiling
  6978 | D:7      | Reached skill level 1 in Polearms
  6999 | D:7      | Noticed a cyclops
  7011 | D:7      | Killed a cyclops
  7255 | D:7      | Identified the +2 chain mail "Ukidulur" {Rampage Dex+3
                  | Stlth+}
  7354 | D:7      | Found a staircase to the Ecumenical Temple.
  7392 | Temple   | Entered the Ecumenical Temple
  7569 | Temple   | Became a worshipper of Warmaster Okawaru
  7989 | D:8      | Reached skill level 5 in Armour
  7989 | D:8      | Reached skill level 5 in Shields
  8003 | D:8      | Reached * piety under Okawaru
  8044 | D:8      | Reached XP level 11. HP: 63/83 MP: 9/9
  8066 | D:8      | Found a staircase to the Lair.
  8263 | D:8      | Found a flagged portal.
  8268 | Bailey   | Entered a bailey
  8356 | Bailey   | Noticed an orc knight
  8377 | Bailey   | Killed an orc knight
  8377 | Bailey   | Reached ** piety under Okawaru
  8581 | Bailey   | Noticed an orc knight
  8597 | Bailey   | Killed an orc knight
  8660 | Bailey   | Found an iron altar of Okawaru.
  8660 | Bailey   | Noticed an orc sorcerer
  8660 | Bailey   | Noticed an orc high priest
  8669 | Bailey   | Killed an orc sorcerer
  8674 | Bailey   | Killed an orc high priest
  8674 | Bailey   | Reached *** piety under Okawaru
  8675 | Bailey   | Reached skill level 5 in Polearms
  9147 | Bailey   | Acquired the +5 crystal plate armour of Jigrep {rCorr
                  | Slay+3}
  9793 | D:9      | Noticed a lindwurm
  9793 | D:9      | Noticed a lindwurm
  9800 | D:9      | Noticed a lindwurm
  9800 | D:9      | Noticed a lindwurm
 10005 | D:9      | Reached **** piety under Okawaru
 10575 | D:9      | Killed a lindwurm
 10580 | D:9      | Killed a lindwurm
 10584 | D:9      | Killed a lindwurm
 10590 | D:9      | Killed a lindwurm
 10590 | D:9      | Reached ***** piety under Okawaru
 10591 | D:9      | Reached XP level 12. HP: 72/88 MP: 10/10
 10611 | D:9      | Got Kiuq's Grimoire of Cankerous Confrontation
 10612 | D:9      | Identified the +1 leather armour "Bilint" {Rampage Fly
                  | Int-2 Stlth-}
 10614 | D:9      | Identified the +8 long sword "Plog" {drain, rN+ Str+4
                  | Int-5}
 10616 | D:10     | Entered Level 10 of the Dungeon
 11302 | D:11     | Noticed a two-headed ogre
 11307 | D:11     | Killed a two-headed ogre
 11339 | D:11     | Noticed a two-headed ogre
 11350 | D:11     | Killed a two-headed ogre
 11458 | D:11     | Noticed a two-headed ogre
 11469 | D:11     | Noticed a soul eater
 11469 | D:11     | Killed a two-headed ogre
 11564 | D:11     | Reached skill level 1 in Invocations
 11577 | D:11     | Noticed a six-headed hydra
 11586 | D:11     | Killed a six-headed hydra
 11617 | D:11     | Noticed Nergalle
 11629 | D:11     | Killed Nergalle
 11629 | D:11     | Identified the +0 buckler "Wyneut" {MP+9 Str+2 Dex+2}
                  | (Okawaru gifted it to you on level 11 of the Dungeon)
 11629 | D:11     | Received a gift from Okawaru
 11877 | D:11     | Noticed a boulder beetle
 11930 | D:11     | Killed a boulder beetle
 12385 | D:10     | Noticed a two-headed ogre
 12390 | D:10     | Noticed Josephine
 12397 | D:10     | Killed a two-headed ogre
 12397 | D:10     | Reached ****** piety under Okawaru
 12412 | D:10     | Killed Josephine
 12433 | D:10     | Reached skill level 5 in Invocations
 12980 | Lair:1   | Entered Level 1 of the Lair of Beasts
 13036 | Lair:1   | Reached XP level 13. HP: 93/93 MP: 15/15
 13370 | Lair:1   | Noticed Harold
 13391 | Lair:1   | Killed Harold
 13904 | Lair:1   | Found a runed translucent door.
 14297 | Lair:2   | Reached skill level 10 in Polearms
 14316 | Lair:2   | Identified the +2 plate armour of Living Mirth {Str+4}
                  | (Okawaru gifted it to you on level 2 of the Lair of Beasts)
 14316 | Lair:2   | Received a gift from Okawaru
 14429 | Lair:2   | Found a staircase to the Snake Pit.
 15607 | Lair:3   | Found a shimmering blue altar of Sif Muna.
 16020 | Lair:3   | Found a staircase to the Swamp.
 16256 | Lair:4   | Reached skill level 10 in Invocations
 16271 | Lair:4   | Gained mutation: Your large and strong wings let you fly.
                  | [Gargoyle growth]
 16271 | Lair:4   | Reached XP level 14. HP: 99/99 MP: 19/19
 17353 | Lair:5   | Found a staircase to the Slime Pits.
 17353 | Lair:5   | Found a viscous altar of Jiyva.
 17397 | Lair:5   | Found a runed translucent gate.
 17397 | Lair:5   | Found a runed translucent gate.
 17397 | Lair:5   | Found a runed translucent gate.
 17685 | Lair:5   | Received a gift from Okawaru
 17751 | Lair:5   | Noticed Orociumy's ghost (journeyman DsCj)
 18135 | Lair:5   | Killed Orociumy's ghost
 18158 | Lair:5   | Got the ring of Yendor {Fire Dex+2}
 18197 | Lair:6   | Entered Level 6 of the Lair of Beasts
 18436 | Lair:6   | Noticed Kirke
 18595 | Lair:6   | Killed from afar by a lindwurm

Illustrated notes

Levels and vault maps discovered:
D:1:      saegor_arrival_simple_d, layout_basic
D:2:      layout_basic, basic_altar, hellmonk_ecumenical_altar_crossroads,
          ebering_dispersal_statue_hall
D:3:      layout_loops_ring, gammafunk_ghost_smash
D:4:      layout_loops_cross, mainiacjoe_overflow_concentric_impassable
D:5:      layout_basic, portal_sewer_entry_b
D:6:      layout_basic, serial_shops, nicolae_square_shop
D:7:      minmay_the_grid_octo_2x2 [minmay_the_grid_octo_fat_diamond,
          minmay_the_grid_octo_odd_swirl, minmay_the_grid_octo_horde,
          minmay_the_grid_octo_prize_square_snowflake], layout_gridville,
          minmay_temple_entry_poolview
D:8:      layout_basic, minmay_lair_entry_grove, enter_bailey_4
D:9:      layout_grid_maze, serial_bayou, serial_bayou_pond_d,
          serial_bayou_ford_a, serial_bayou_lagoon_a, serial_bayou_shore_a,
          serial_bayou_pond_d, minmay_lindwurm_lava
D:10:     kennysheep_seaside_town, layout_loops_ring, uniq_josephine
D:11:     layout_irregular_city, dreamdust_deal_with_the_devil, uniq_nergalle
Temple:   mainiacjoe_temple_starburst
Lair:1:   gammafunk_lair_enchanted_lake, layout_cave_pods, uniq_harold
Lair:2:   layout_chaotic_city, dummy_snake_entry
Lair:3:   layout_hall_layers, palyth_hydra_swamp_entry, basic_altar,
          nicolae_lair_lil_pond
Lair:4:   layout_layer_cave, nicolae_quartered_pool_little, grunt_megastairs_4
Lair:5:   layout_cave_pods, slime_altar_1, gammafunk_ghost_icy,
          lemuel_fruit_tree
Lair:6:   wormcave, layout_long_grid, guppyfry_lair_end_dragon, uniq_kirke

Skill      XL: |  1  2  3  4  5  6  7  8  9 10 11 12 13 14 |
---------------+-------------------------------------------+-----
Fighting       | 4 5 6 7 8 10 12 15 | 15.7
Polearms       | 3 6 8 11 13 | 13.8
Armour         | 5 8 9 |  9.7
Shields        | 5 8 9 |  9.7
Invocations    | 5 10 | 10.0
Maces & Flails | |  2.0

Action                   |  1- 3 |  4- 6 |  7- 9 | 10-12 | 13-15 || total
-------------------------+-------+-------+-------+-------+-------++-------
Melee: Flail             |   138 |   164 |       |       |       ||   302
       Whip              |       |    52 |   420 |    50 |       ||   522
       Lance             |       |       |       |   791 |   749 ||  1540
       Unarmed           |       |       |       |       |     4 ||     4
Invok: Heroism           |       |       |       |     4 |     3 ||     7
       Finesse           |       |       |       |       |     1 ||     1
  Use: Scroll            |     3 |    11 |     3 |     9 |     6 ||    32
       Potion            |       |       |     3 |     3 |       ||     6
Armor: Scale mail        |    98 |   134 |   166 |    65 |       ||   463
       Chain mail        |       |       |       |   110 |       ||   110
       Crystal plate arm |       |       |       |   237 |   519 ||   756
Dodge: Dodged            |    76 |   116 |   138 |   128 |   109 ||   567
Block: Buckler           |    36 |    47 |   112 |   185 |   165 ||   545

Table legend: (Time is in decaauts)
 A = Elapsed time spent in this place.
 B = Non-inter-level travel time spent in this place.
 C = Inter-level travel time spent in this place.
 D = Time resting spent in this place.
 E = Time spent auto-exploring this place.
 F = Levels seen in this place.
 G = Mean time per level.
                   A        B        C        D        E       F      G
               +--------+--------+--------+--------+--------+-----+--------+
         Total |  18541 |  17311 |   1230 |   1159 |  12206 |  20 |  927.0 |
       Dungeon |  11254 |  10249 |   1005 |    410 |   7342 |  11 | 1023.1 |
        Temple |    231 |    173 |     58 |      0 |    169 |   1 |  231.0 |
          Lair |   5341 |   5174 |    167 |    437 |   3943 |   6 |  890.2 |
         Sewer |    788 |    788 |      0 |      0 |    448 |   1 |  788.0 |
        Bailey |    925 |    925 |      0 |    312 |    303 |   1 |  925.0 |
               +--------+--------+--------+--------+--------+-----+--------+

Top non-repeatable levels by time:
     D:1: 1555 daAuts
    D:10: 1319 daAuts
  Lair:1: 1238 daAuts
     D:7: 1159 daAuts
     D:5: 1137 daAuts
  Lair:2: 1047 daAuts
  Lair:4: 1044 daAuts
     D:2: 1032 daAuts
     D:9: 1000 daAuts
  Lair:5: 999 daAuts
  Bailey: 925 daAuts
    D:11: 912 daAuts
     D:8: 863 daAuts
     D:4: 810 daAuts
     D:6: 788 daAuts
